 Dungeon Crawl Stone Soup version 0.30.0-19-g36f170ea60 (webtiles) character file.

Game seed: 12847491081743911448

269 RascalDebosk the Magician (level 6, -1/45 HPs)
             Began as a Djinni Warper on May 31, 2023.
             Was an Initiate of Ashenzari.
             Slain by a phantom (3 damage)
             ... in the Ecumenical Temple.
             The game lasted 00:21:58 (2884 turns).

RascalDebosk the Magician (Djinni Warper)           Turns: 2884, Time: 00:21:59

Health: -1/45      AC:  5    Str: 10    XL:     6   Next: 46%
Gold:   149        EV: 11    Int: 16    God:    Ashenzari [......] SH:  0 Dex: 13

rFire   + + .        a - +0 falchion
rCold   x . .        (no shield)
rNeg    . . .        b - +0 leather armour
rPois   ∞            o - +0 helmet
rElec   .            (no cloak)
rCorr   .            n - +0 pair of gloves
SInv    .            (boots unavailable)
Will    ++...        (no amulet)
Stlth   +            k - ring of willpower
HPRegen 0.27/turn    t - ring of willpower
MPRegen 0.00/turn

%: infuse magic (-2 HP)
@: flying
A: sickness immunity, fire resistance 2, cold vulnerability 1, float, innate
caster, HP casting, extra vitality 1
a: Renounce Religion


You were in the Ecumenical Temple.
You worshipped Ashenzari.
Ashenzari was noncommittal.
You visited 2 branches of the dungeon, and saw 5 of its levels.

You collected 149 gold pieces.

Inventory:

Hand Weapons
 a - a +0 falchion (weapon)
Missiles
 d - 7 boomerangs of dispersal (quivered)
 p - a throwing net {@!f}
Armour
 b - a +0 leather armour (worn)
 n - a +0 pair of gloves (worn)
 o - a +0 helmet (worn)
 r - a +0 buckler
Jewellery
 k - a ring of willpower (left hand)
 t - a ring of willpower (right hand)
Scrolls
 c - 7 scrolls of identify {unknown}
 e - 2 scrolls of magic mapping {unknown}
 f - 3 scrolls of noise {unknown}
 g - a scroll of blinking
 h - a scroll of vulnerability {unknown}
 j - a scroll of enchant armour {unknown}
 s - a scroll of torment {unknown}
 v - a scroll of poison {unknown}
Potions
 i - 2 potions of curing {unknown}
 l - a potion of heal wounds {unknown}
 m - 2 potions of haste {unknown}
 q - a potion of lignification {unknown}
 u - a potion of flight {unknown}
 w - a potion of brilliance {unknown}
 x - a potion of ambrosia {unknown}


   Skills:
 + Level 2.9 Fighting
 - Level 1.7 Long Blades
 - Level 0.7 Throwing
 + Level 2.2 Armour
 - Level 2.1 Dodging
 * Level 4.6 Spellcasting


You knew the following spells:

 Your Spells              Type           Power      Damage    Failure   Level
a - Blink                 Tloc           36%        N/A       4%          2
b - Lesser Beckoning      Tloc           36%        N/A       4%          2
c - Vhi's Electric Charg  Tloc/Air       36%        N/A       10%         3
d - Teleport Other        Tloc           18%        N/A       10%         3
e - Manifold Assault      Tloc           18%        N/A       30%         4
f - Sting                 Tmut/Pois      72%        1d6       3%          1
g - Scorch                Fire           36%        2d7       4%          2
Your spell library was empty.

Dungeon Overview and Level Annotations

Branches:
Dungeon (4/15)             Temple (1/1) D:4

Altars:
Ashenzari
Dithmenos
Elyvilon
Hepliaklqana
Okawaru
Qazlal
Trog
Uskayaw
Wu Jian
Zin
The Shining One


Innate Abilities, Weirdness & Mutations

You are immune to sickness and miasma.
You are immune to poison.
Your flesh is very heat resistant. (rF++)
You are vulnerable to cold. (rC-)
You float through the air rather than walking.
You learn spells naturally, not from books.
Your magical power is your life essence.
You have superior vitality. (+4 MHP)


Message History

The phantom is lightly damaged.
The phantom hits you but does no damage.
The phantom closely misses you. The goblin hits you but does no damage.
You hit the phantom but do no damage.
The phantom is lightly damaged.
The goblin hits you but does no damage. The phantom hits you.
The phantom blinks!
You blink.
Found an escape hatch in the ceiling.
You hit the phantom.
The phantom is moderately damaged.
The phantom closely misses you.
You barely miss the phantom.
The phantom is moderately damaged.
The phantom barely misses you.
You barely miss the phantom.
The phantom is moderately damaged.
The phantom hits you.
You slash the phantom!
The phantom is heavily damaged.
The phantom hits you.
The phantom blinks!
You blink.
The phantom hits you.
The phantom blinks!
You blink.
You closely miss the phantom.
The phantom is heavily damaged.
The phantom closely misses you.
You barely miss the phantom.
The phantom is heavily damaged.
The goblin closely misses you. The phantom hits you.
The phantom blinks!
You blink.
The phantom hits you but does no damage.
An orc comes into view. It is wielding a +0 hand axe.
The orc shouts!
You hear a shout! x4
You barely miss the phantom.
The phantom is heavily damaged.
The phantom hits you but does no damage.
You miss the phantom.
The phantom is heavily damaged.
The phantom barely misses you. The phantom closely misses you.
An orc priest comes into view. It is wielding a +0 hand axe.
You closely miss the phantom.
The phantom is heavily damaged.
The orc hits you with a +0 hand axe. The phantom hits you.
* * * LOW HITPOINT WARNING * * *
Casting: Scorch (safe; 4% risk of failure)
Confirm with . or Enter, or press ? or * to list all spells.
You blink.
* * * LOW HITPOINT WARNING * * *
An endoplasm comes into view.
You feel stable enough to blink again. The phantom attacks as you move away!
The phantom closely misses you. The phantom attacks as you move away!
The phantom hits you but does no damage.
The phantom attacks as you move away! The phantom closely misses you.
You see here a +0 hand axe.
The phantom attacks as you move away! The phantom barely misses you.
The phantom attacks as you move away!
The phantom hits you but does no damage.
The phantom attacks as you move away!
The phantom hits you but does no damage.
There is a staircase to the Ecumenical Temple here.
The phantom barely misses you.
You fly downwards.
Welcome back to the Ecumenical Temple!
There is a staircase back to the Dungeon here.
You closely miss the phantom.
The phantom is heavily damaged.
The phantom hits you.
* * * LOW HITPOINT WARNING * * *
The phantom blinks!
You blink.
You barely miss the phantom.
The phantom is heavily damaged.
The phantom hits you.
* * * LOW HITPOINT WARNING * * *
The phantom blinks!
You blink.
The phantom barely misses you. The phantom hits you.
* * * LOW HITPOINT WARNING * * *
You closely miss the phantom.
The phantom is heavily damaged.
The phantom hits you.
* * * LOW HITPOINT WARNING * * *
You hit the phantom.
The phantom is severely damaged.
The phantom misses you. The phantom hits you.
* * * LOW HITPOINT WARNING * * *
The phantom blinks!
You blink.
You hit the phantom.
The phantom is severely damaged.
The phantom hits you.
* * * LOW HITPOINT WARNING * * *
The phantom blinks!
You blink.
Casting: Blink (safe; 4% risk of failure)
Confirm with . or Enter, or press ? or * to list all spells.
Flames lash the phantom.
The phantom is almost destroyed.
The phantom's fire resistance burns away.
* * * LOW HITPOINT WARNING * * *
The phantom hits you.
* * * LOW HITPOINT WARNING * * *
You barely miss the phantom.
The phantom is almost destroyed.
The phantom hits you.
You die...

# ### ## ##.# .## ##..#
..### ###...# ....####
####....⌠#
.......#######........#
......................#
.._..............._...#
...._.8.......8W@....≈#
≈......._._._.......≈≈#
≈≈.................≈≈≈#
≈≈≈≈.......§.....≈≈≈≈≈#
≈≈≈≈≈≈≈.......≈≈≈≈≈≈≈≈#
≈≈≈≈≈≈≈≈.....≈≈≈≈≈≈≈≈≈#
≈≈≈≈≈≈≈≈.....≈≈≈≈≈≈≈≈≈#
≈≈≈≈≈≈≈≈.....≈≈≈≈≈≈≈≈≈#
≈≈≈≈≈≈≈≈..<..≈≈≈≈§≈≈≈≈#


You could see a phantom (combustible).

Vanquished Creatures
  Edmund (D:4)
  A gnoll (D:1)
  5 adders
  2 worms
  7 dart slugs
  5 endoplasms
  8 giant cockroaches
  8 goblins
  4 hobgoblins
  4 quokkas
  13 ball pythons
  8 bats
  5 frilled lizards
  8 kobolds
  6 rats
85 creatures vanquished.

Notes
Turn   | Place    | Note
-------+----------+-------------------------------------------
     0 | D:1      | RascalDebosk the Djinni Warper began the quest for the Orb.
     0 | D:1      | RascalDebosk set off with the following spells memorised:
                  | Blink, Lesser Beckoning, Vhi's Electric Charge, Teleport
                  | Other, Manifold Assault.
     0 | D:1      | Reached XP level 1. HP: 18/18 MP: 0/0
    67 | D:1      | Reached XP level 2. HP: 21/23 MP: 0/0
   173 | D:1      | Reached skill level 3 in Spellcasting
   252 | D:1      | Reached XP level 3. HP: 19/28 MP: 0/0
   252 | D:1      | Learned a level 1 spell: Sting
   766 | D:1      | You are sucked into a shaft and drop 1 floor!
   776 | D:2      | Reached XP level 4. HP: 33/33 MP: 0/0
  1195 | D:1      | Reached skill level 4 in Spellcasting
  1449 | D:2      | Reached XP level 5. HP: 37/38 MP: 0/0
  1449 | D:2      | Learned a level 2 spell: Scorch
  2574 | D:4      | Found a staircase to the Ecumenical Temple.
  2579 | D:4      | Noticed Edmund
  2594 | D:4      | Killed Edmund
  2595 | D:4      | Reached XP level 6. HP: 8/45 MP: 0/0
  2600 | Temple   | Entered the Ecumenical Temple
  2608 | Temple   | Became a worshipper of Ashenzari the Shackled
  2883 | Temple   | HP: 2/45 [phantom (3)]
  2884 | Temple   | Slain by a phantom

Illustrated notes

Levels and vault maps discovered:
D:1:      psy_arrival_radial01, layout_basic
D:2:      minmay_general_purpose_star, layout_basic
D:3:      layout_basic, grunt_decor_one_mirror
D:4:      layout_rooms, minmay_temple_entry_sparse_star, minivault_19,
          minmay_joined_circles, uniq_edmund, uniq_natasha
Temple:   nicolae_temple_two_arcs

Skill      XL: |  1  2  3  4  5 |
---------------+----------------+-----
Spellcasting   | 3 4 |  4.6
Armour         | 2 |  2.2
Fighting       | |  2.9
Long Blades    | |  1.7
Throwing       | |  0.7
Dodging        | |  2.1

Action                     |  1- 3 |  4- 6 || total
---------------------------+-------+-------++-------
  Melee: Falchion          |    57 |   147 ||   204
         Punch             |       |     1 ||     1
   Cast: Sting             |    14 |     9 ||    23
         Vhi's Electric Ch |     3 |     1 ||     4
         Manifold Assault  |       |    12 ||    12
         Scorch            |       |    14 ||    14
         Blink             |       |     3 ||     3
   Stab: Sleeping          |     1 |       ||     1
 Armour: Leather armour    |    13 |    50 ||    63
  Dodge: Dodged            |    46 |    89 ||   135
